Cogmind - Beta 13 @@@ ROGUE MODE // 2024.04.01 @ 02:16:07 Player: Olafz Result: Destroyed by Y-45 Defender with Beam Rifle Performance ------------- Evolutions (1) 500 Regions Visited (3) 600 Robots Destroyed (23) 115 Value Destroyed (650) 650 Prototype IDs (3) 60 Alien Tech Used (0) 0 Bonus (0) 0 TOTAL SCORE: 1925 Bonus ------- None Cogmind --------- Core Integrity 0/400 Matter 104/300 Energy 100/100 System Corruption 0% Temperature Cool (9) Movement Core (300) Ox5 Location -9/Storage Parts ------- > --- POWER (2) -------- (None) > --- PROPULSION (2) --- (None) > --- UTILITY (3) ------ Medium Storage Unit > --- WEAPON (2) ------- Missile Launcher > --- INVENTORY (10) --- VSS Leg VSS Leg Hardened Medium Armor Plating Missile Launcher Missile Launcher Peak State ------------ > --- POWER ------------ Ion Engine Improved Ion Engine > --- PROPULSION ------- VSS Leg VSS Leg > --- UTILITY ---------- Medium Storage Unit Hardened Light Armor Plating Hardened Medium Armor Plating > --- WEAPON ----------- Missile Launcher Missile Launcher > --- INVENTORY -------- Ion Engine Ion Engine Ion Engine Light Ion Engine Aluminum Leg Aluminum Leg Aluminum Leg Small Storage Unit Hardened Medium Armor Plating [Rating: 22] Favorites ----------- Power Ion Engine Engine Ion Engine Propulsion Aluminum Leg Leg Aluminum Leg Utility Medium Storage Unit Device Heat Sink Storage Medium Storage Unit Protection Hardened Medium Armor Plating Weapon Light Assault Rifle Energy Gun Improved Lightning Gun Ballistic Gun Light Assault Rifle Launcher Missile Launcher Build | -11 -10 -9 -9 ------- Run | Yrd Mat Mat Sto Slots Evolved 2 | . . 2 . Power 1 | . . 1 . Propulsion . | . . . . Utility 1 | . . 1 . Weapon . | . . . . Parts Attached 30 | 6 1 15 8 Power 7 | 2 . 5 . Engine 7 | 2 . 5 . Core . | . . . . Reactor . | . . . . Propulsion 7 | 2 . 3 2 Treads . | . . . . Leg 7 | 2 . 3 2 Wheel . | . . . . Hover . | . . . . Flight . | . . . . Utility 7 | 1 . 5 1 Device 2 | . . 1 1 Storage 2 | 1 . 1 . Processor . | . . . . Hackware . | . . . . Protection 3 | . . 3 . Artifact . | . . . . Weapon 9 | 1 1 2 5 Energy Gun 2 | . . . 2 Energy Cannon . | . . . . Ballistic Gun 1 | 1 . . . Ballistic Cannon . | . . . . Launcher 6 | . 1 2 3 Special Weapon . | . . . . Impact Weapon . | . . . . Slashing Weapon . | . . . . Piercing Weapon . | . . . . Special Melee Weapon . | . . . . Unidentified Prototypes 1 | . . . 1 Parts Lost 13 | . . 3 10 Power 3 | . . 1 2 Propulsion 2 | . . . 2 Utility 2 | . . . 2 Weapon 6 | . . 2 4 Highest Loss Streak 4 | . . 3 4 To Critical Strikes . | . . . . Average Slot Usage (%) 77 | . 83 78 73 Engine 15 | . 14 17 13 Leg 22 | . 28 22 19 Device 1 | . . 1 2 Storage 11 | . 14 11 11 Protection 7 | . . 7 11 Energy Gun 1 | . . . 3 Ballistic Gun 5 | . 14 7 . Launcher 12 | . 12 12 11 Naked Turns . | . . . . Heaviest Build 47 | 11 14 47 47 Greatest Support 24 | 20 20 24 24 Greatest Overweight (x) 3 | 1 . 1 3 Average Overweight (x) . | . . . . Largest Inventory Capacity 10 | 8 8 10 10 Average Capacity 9 | 6 8 9 10 Most Carried 9 | 1 1 9 7 Average Carried 4 | . 1 3 6 Final Capacity 10 | 8 8 10 10 Final Carried 5 | 1 1 5 5 Class Distribution -------------------- 88% | Mutant 11% | Scavenger-Mutant Dominant Class ---------------- Mutant | -10/Materials Mutant | -9/Materials Mutant | -9/Storage Resources | -11 -10 -9 -9 ----------- Run | Yrd Mat Mat Sto Matter Collected 540 | 260 22 70 188 Remotely . | . . . . Salvage Created 666 | . 48 356 262 Parts 53 | . 2 32 19 Haulers Intercepted 1 | . . 1 . Recyclers Shooed . | . . . . Parts Field Recycled . | . . . . Retrieved Matter . | . . . . Parts Self-Destructed . | . . . . Prevented . | . . . . Kills | -11 -10 -9 -9 ------- Run | Yrd Mat Mat Sto Combat Hostiles Destroyed 16 | . 1 7 8 Melee 1 | . . . 1 Guns 6 | . 1 2 3 AOE 9 | . . 5 4 Classes Destroyed 8 | . 1 7 . Worker 1 | . . 1 . Builder 3 | . . 2 1 Hauler 1 | . . 1 . Recycler 1 | . . 1 . Watcher 1 | . . 1 . Grunt 12 | . 1 5 6 Duelist 1 | . . 1 . Sentry 3 | . . 1 2 Best Kill Streak 6 | . 1 6 6 Combat Bots Only 6 | . 1 3 6 Max Kills in Single Turn 3 | . 1 3 2 Gunslinging . | . . . . Exploded 2 | . . 2 2 Melee 1 | . . . 1 Uniques/NPCs Destroyed . | . . . . Combat | -11 -10 -9 -9 -------- Run | Yrd Mat Mat Sto Hostile Shots Fired 173 | . 15 43 115 Missed 42 | . 2 10 30 Damage Taken 2009 | . 144 557 1308 Core 455 | . 44 80 331 Absorbed by Shields . | . . . . Regen/Repaired (Parts) 133 | . . . 133 Core Remaining (%) 91 | 100 82 . . Volleys Fired 70 | . 12 30 28 Largest 2 | . 1 2 1 Hottest 72 | . 20 72 60 Shots Fired 79 | . 12 39 28 Gun 57 | . 12 24 21 Cannon . | . . . . Launcher 22 | . . 15 7 Special . | . . . . Kinetic 36 | . 12 24 . Thermal 4 | . . . 4 Explosive 22 | . . 15 7 Electromagnetic 17 | . . . 17 Robot Hit Streak 15 | . 4 15 4 Robot Miss Streak 5 | . 1 3 5 Penetration Max . | . . . . Secondary Targets . | . . . . Shots Hit Robots 50 | . 9 28 13 Core Hits 47 | . 4 26 17 Critical Kills . | . . . . Critical Parts Destroyed . | . . . . Critical Strikes 1 | . . . 1 Corrupt 1 | . . . 1 Melee Attacks . | . . . . Impact . | . . . . Slashing . | . . . . Piercing . | . . . . Sneak Attacks . | . . . . Combat Hostiles . | . . . . Follow-up Attacks . | . . . . Damage Inflicted 1649 | . 75 884 690 Guns 454 | . 75 172 207 Cannons . | . . . . Explosions 1163 | . . 712 451 Melee . | . . . . Ramming 32 | . . . 32 Kinetic 247 | . 75 172 . Thermal 117 | . . . 117 Explosive 1068 | . . 712 356 Electromagnetic 185 | . . . 185 Impact . | . . . . Slashing . | . . . . Piercing . | . . . . Highest Corruption . | . . . . Average Corruption . | . . . . Corruption Purged . | . . . . Corruption Blocked . | . . . . Overload Shots . | . . . . Overflow Damage 10 | . . . 10 Projectiles . | . . . . Explosions 10 | . . . 10 Melee . | . . . . Knockbacks . | . . . . Impact . | . . . . Kinetic . | . . . . Secondary . | . . . . Self-Inflicted Damage 170 | . . 61 109 Shots 9 | . . 4 5 Rammed . | . . . . Targets Rammed 13 | . . . 13 Kicked 13 | . . . 13 Crushed . | . . . . Highest Temperature 514 | . 12 209 514 Average Temperature 130 | . 6 67 208 Received Heat Transfer 744 | . 78 174 492 Effects 5 | . . . 5 Shutdowns 1 | . . . 1 Interference 1 | . . . 1 Matter Decay 1 | . . . 1 Short Circuit 1 | . . . 1 Damage (major) 1 | . . . 1 Siege Activations . | . . . . Robots Corrupted . | . . . . Combat Hostiles . | . . . . Parts Fried . | . . . . Impact Corruptions . | . . . . Robots Melted . | . . . . Combat Hostiles . | . . . . Parts Melted . | . . . . Heat Transferred 150 | . . . 150 Parts Sabotaged . | . . . . Parts Stolen . | . . . . Parts Stripped . | . . . . Power Chain Reactions 1 | . . . 1 Alert | -11 -10 -9 -9 ------- Run | Yrd Mat Mat Sto Peak Influence 300 | . 25 300 266 Initial 42 | . . 10 42 Average 98 | . 7 127 122 Maximum Alert Level 1 | . . 1 1 Low Security (%) 79 | 100 100 81 64 Level 1 20 | . . 18 35 Level 2 . | . . . . Level 3 . | . . . . Level 4 . | . . . . Level 5 . | . . . . High Security . | . . . . Max Security . | . . . . Squads Dispatched 6 | . 1 1 4 Investigation 4 | . 1 . 3 Extermination . | . . . . Reinforcement 2 | . . 1 1 Assault . | . . . . Garrison . | . . . . Intercept . | . . . . Searches Triggered . | . . . . Construction Impeded 1 | . . 1 . Haulers Reinforced . | . . . . Active Scanning Responses . | . . . . Cargo Convoy Interrupts . | . . . . Stealth | -11 -10 -9 -9 --------- Run | Yrd Mat Mat Sto Distress Signals . | . . . . Communications Jammed . | . . . . Distress Signals . | . . . . Times Spotted 20 | . 2 7 11 Peak Tracking Total 5 | . 2 2 5 Tactical Retreats 1 | . . 1 . Traps | -11 -10 -9 -9 ------- Run | Yrd Mat Mat Sto Traps Triggered 2 | . 1 . 1 Indirectly . | . . . . Trap Hack Attempts . | . . . . Triggered . | . . . . Disarmed . | . . . . Reprogrammed . | . . . . Reused . | . . . . Traps Extracted . | . . . . Installed . | . . . . Triggered . | . . . . Machines | -11 -10 -9 -9 ---------- Run | Yrd Mat Mat Sto Machines Disabled 2 | . . 1 1 Max in Single Turn 1 | . . 1 1 Machines Repaired . | . . . . Machines Dismantled . | . . . . Machines Sabotaged . | . . . . Overloaded Fab Kills . | . . . . Hacking | -11 -10 -9 -9 --------- Run | Yrd Mat Mat Sto Machines Accessed 9 | . 3 2 4 Terminals 5 | . 2 1 2 Fabricators . | . . . . Repair Stations 2 | . 1 . 1 Recycling Units 1 | . . 1 . Scanalyzers . | . . . . Garrison Access 1 | . . . 1 Total Hacks 31 | . 7 11 13 Successful 18 | . 4 9 5 Failed 13 | . 3 2 8 Catastrophic 3 | . . 1 2 Database Lockouts . | . . . . Manual 4 | . . 4 . Terminals 17 | . 5 6 6 Fabricators . | . . . . Repair Stations 6 | . 2 . 4 Recycling Units 5 | . . 5 . Scanalyzers . | . . . . Garrison Access 3 | . . . 3 Terminal Hacks 10 | . 4 5 1 Record 5 | . 1 4 . Robot Analysis 1 | . 1 . . Prototype ID Bank 1 | . 1 . . Open Door 1 | . . . 1 Emergency Access Points 1 | . 1 . . Hauler Manifests 1 | . . 1 . Fabricator Hacks . | . . . . Repair Station Hacks 4 | . . . 4 Scan Component 2 | . . . 2 Repair 2 | . . . 2 Recycling Unit Hacks 4 | . . 4 . Recycle Component 1 | . . 1 . Process 1 | . . 1 . Report Inventory 1 | . . 1 . Retrieve Matter 1 | . . 1 . Scanalyzer . | . . . . Garrison Access Hacks . | . . . . Unauthorized Hacks . | . . . . Terminals . | . . . . Fabricators . | . . . . Repair Stations . | . . . . Recycling Units . | . . . . Scanalyzers . | . . . . Garrison Access . | . . . . Data Cores Recovered . | . . . . Used . | . . . . Hacking Detections 9 | . 3 2 4 Full Trace Events 4 | . . . 4 Feedback Events . | . . . . Feedback Blocked . | . . . . Robot Schematics Acquired . | . . . . Robots Built . | . . . . Authchips . | . . . . Time . | . . . . Total Robot Build Rating . | . . . . Part Schematics Acquired . | . . . . Parts Built . | . . . . Authchips . | . . . . Time . | . . . . Total Part Build Rating . | . . . . Parts Repaired 2 | . . . 2 Time 70 | . . . 70 Parts Recycled 1 | . . 1 . Recycled Matter 35 | . . 35 . Retrieved Matter 35 | . . 35 . Retrieved Components . | . . . . Parts Scanalyzed . | . . . . Part Schematics Acquired . | . . . . Parts Damaged . | . . . . Bothacking | -11 -10 -9 -9 ------------ Run | Yrd Mat Mat Sto Used RIF Installer . | . . . . Robots Hacked . | . . . . Non-combat . | . . . . Combat . | . . . . Robot Hacks Applied . | . . . . Relay Couplers Released . | . . . . Fabnet Peak Effective % . | . . . . Robots Rewired . | . . . . Allies Hacked . | . . . . Hacks Repelled . | . . . . Allies | -11 -10 -9 -9 -------- Run | Yrd Mat Mat Sto Total Allies . | . . . . Largest Group . | . . . . Highest-Rated Group . | . . . . Highest-Rated Ally . | . . . . Total Orders . | . . . . Ally Attacks . | . . . . Total Damage . | . . . . Kills . | . . . . Allies Corrupted . | . . . . Allies Melted . | . . . . Intel | -11 -10 -9 -9 ------- Run | Yrd Mat Mat Sto Robot Analysis Total 1 | . 1 . . Derelict Logs Recovered . | . . . . Drone Launches . | . . . . Drone Recoveries . | . . . . Exploration | -11 -10 -9 -9 ------------- Run | Yrd Mat Mat Sto Turns Passed 1077 | 93 147 425 412 Spaces Moved 595 | 85 104 211 195 Core 29 | 29 . . . Treads . | . . . . Legs 566 | 56 104 211 195 Wheels . | . . . . Hover . | . . . . Flight . | . . . . Fastest Speed 50 | 50 120 120 90 Average Speed 143 | 99 120 155 162 Slowest Speed 360 | 120 120 190 360 Overloaded Moves . | . . . . Propulsion Burnouts . | . . . . Robots Hopped . | . . . . Cave-ins Triggered . | . . . . Exploration Rate (%) 16 | 4 22 14 25 Regions Visited 3 Branch Regions 1 Pre-discovered Areas . | . . . . Known Exits Taken . | . . . . Unknown Exits Taken 3 | 1 1 1 . Scrap Searched . | . . . . Spaces Dug . | . . . . Terrain Destroyed 138 | . . 72 66 Melee . | . . . . Projectile . | . . . . AOE 138 | . . 72 66 Terrain Rammed . | . . . . Walls Destroyed . | . . . . Machines Disabled . | . . . . Actions | -11 -10 -9 -9 --------- Run | Yrd Mat Mat Sto Total 724 | 90 116 269 249 Wait . | . . . . Move 592 | 84 103 210 195 Hop . | . . . . Pick Up 5 | . . 4 1 Fast Attach 19 | 5 1 8 5 Attach 2 | . . . 2 Detach 4 | . . 2 2 Swap 9 | 1 . 7 1 Drop 10 | . . 8 2 Fire 70 | . 12 30 28 Melee . | . . . . Ram . | . . . . Kick 13 | . . . 13 Crush . | . . . . Escape Stasis . | . . . . Rewire . | . . . . Trap . | . . . . Miscellaneous . | . . . . Route ------- -11/Scrapyard -10/Materials -9/Materials -9/Storage History --------- Turn | Location | Event 7 | -11/Scrapyard | Discovered new exit (range 16) 94 | -11/Scrapyard | Entered Materials 236 | -10/Materials | Discovered new exit (range 3) 241 | -10/Materials | Entered another Materials area 241 | -9/Materials | Evolved 2 slots: Power x1, Utility x1 315 | -9/Materials | Build established: Mutant 344 | -9/Materials | Discovered new exit (range 13) 543 | -9/Materials | Lost 3 parts (1p2w) 666 | -9/Materials | Entered Storage 767 | -9/Storage | Repaired VSS Leg 824 | -9/Storage | Repaired Hrd. Light Armor Plating? 1005 | -9/Storage | Core integrity fell below 50% 1023 | -9/Storage | Core integrity fell below 20% 1078 | -9/Storage | Destroyed by Y-45 Defender with Beam Rifle Last Messages --------------- 01038_ U-05 Engineer lays Concrete. 01039_ O-16 Technician: "IFF HANDSHAKE FAILED. SECURING TERMINAL." 01039_ U-05 Engineer builds a Door. 01041_ O-16 Technician uses terminal to summon reinforcements. 01041_ ALERT: Hostiles spotted, dispatching reinforcements to Terminal S003. 01041_ O-16 Technician locks terminal. 01041_ K-01 Serf collects debris. 01061_ Acquired Sml. Laser. 01062_ K-01 Serf collects debris. 01063_ Heat Sink destroyed. 01064_ K-01 Serf collects debris. 01066_ VSS Leg destroyed. 01067_ K-01 Serf collects debris. 01067_ VSS Leg destroyed. 01070_ Sml. Laser destroyed. 01071_ K-01 Serf collects debris. 01076_ Y-45 Defender destroyed. Map ----- +----------------------------------------------------+ | | | | | | | | | | | | | | | | | | | | | ?????????????????????????????????????????????????? | | ?????????????????????????????????????????????????? | | ?????????????????????????????????????????????????? | | ?????????????????????????????????????????????????? | | ?????????????????????????????????????????????????? | | ?????????????????????????????????????????????????? | | ?????????????????????????????????????????????????? | | ?????????????????????????????????????????????????# | | ??????????????????????????????????????????????#### | | ??????????????????##########??????????? ??#""" | | ??????????????????#! #??????????? ??#"G | | ??????????????????# #??????????? ??#""" | | ??????????????????# [! #??????????? ??#### | | ??????????????????# ! #???????????# #?????# | | ?????????????????##k #???????????# #?????# | | ????????????????# @ #???????????# #?????# | | ????????????????# #???????????# #?????# | | ????????????????# Y #???????????# #?????? | | ?????????????#### !% #?????####### #?????? | | ????????###### ######/# # #????## | | ????? / #?#### | | ????? T ^ ### | | ????????###### # #T###+###### ^ ###### | | ?????????????##+####### #????# # | | ????????????? ??????#T #????# | | ?????????????????????##"""#????# | | ???????????????????????????????## # ### # | | ????????????????????????????????# # #### | | ????????????????????????????????# # #??#### | | ????????????????????????????????## # #?????? | | ?????????????????????????????????## ##+#?????? | | ??????????????????????????????????# #?????? | | ??????????????????????????????????# #?????? | | ??????????????????????????????????# """" ??????? | | ??????????????????????????????????# "???" #?????? | | ??????????????????????????????????# "????" #?????? | | ??????????????????????????????????# "????? #?????? | | ??????????????????????????????????# ?????? #?????? | | ??????????????????????????????????# ?????? ??????? | | ??????????????????????????????????? ?????? ??????? | +----------------------------------------------------+ Best States ------------- Heat Dissipation 38 Energy Generation 17 Energy Capacity 415 Matter Stores 300 Matter Capacity 300 Sight Range 16 Terrain Scan Density 10 Armor Coverage 375 Evasion (%) 57 Item Schematics ----------------- None Robot Schematics ------------------ None Fabricated ------------ Nothing Alien Tech Used ----------------- None Achievements -------------- Loot Pinata Part-time Mechanic Party Time Shopping List Challenges ------------ None Game ------ Seed GuidedWeightThrower Manual? 0 Play Time 00:19:16 Cumulative 3.3 hours Start 2024.04.01 @ 02:00:05 End 2024.04.01 @ 02:16:07 Sessions 1 Manual Loads 0 Difficulty Rogue Special Mode None Game No. 4 Rogue 2 Adventurer 2 Explorer 0 Win Type - Total 0 Types 0/0/0/0/0/0/0/0/0 Lore% 3 Gallery% 9 Achievement% 10 Wizard Run 0 Options --------- Layout 1 ASCII 0 Keyboard 1 Movement Arrows Keybinds 0 Fullscreen 2 Font 24/Swanston Map View 50x35 Zoom Use 0% Tactical HUD 1 Map Filters NONE Filters NONE Steam 1 RUN: 4dc9110c-b169-48a0-ada2-e6991b10f3dd